 Dungeon Crawl Stone Soup version 0.28-a0-1348-g050f3537b9 (webtiles) character file.

Game seed: 7819501490802696122

48 Deminshera the Poker (level 3, -5/28 HPs)
             Began as a Merfolk Gladiator on Dec 30, 2021.
             Slain by Sigmund (8 damage)
             ... on level 2 of the Dungeon.
             The game lasted 00:01:21 (1314 turns).

Deminshera the Poker (Merfolk Gladiator)            Turns: 1314, Time: 00:01:22

Health: -5/28      AC:  4    Str: 16    XL:     3   Next: 72%
Magic:  3/3        EV: 13    Int:  7    God:
Gold:   59         SH:  0    Dex: 15    Spells: 2/2 levels left

rFire   . . .      SeeInvis .   a - +0 trident
rCold   . . .      Faith    .   (no shield)
rNeg    . . .      Spirit   .   b - +0 leather armour
rPois   .          Reflect  .   c - +0 helmet
rElec   .          Harm     .   (no cloak)
rCorr   .          Rampage  .   (no gloves)
Will    .....                   (no boots)
Stlth   ++........              (no amulet)
HPRegen 0.09/turn               (no ring)
MPRegen 0.08/turn               (no ring)

@: no status effects
A: (nimble swimmer 2), mertail
a: no special abilities


You were on level 2 of the Dungeon.
You visited 1 branch of the dungeon, and saw 2 of its levels.

You collected 59 gold pieces.

Inventory:

Hand Weapons
 a - a +0 trident (weapon)
Missiles
 d - 3 throwing nets (quivered)
Armour
 b - a +0 leather armour (worn)
 c - a +0 helmet (worn)
Scrolls
 f - a scroll of identify {unknown}


   Skills:
 + Level 2.6 Fighting
 + Level 0.5(1.9) Axes
 * Level 5.4(5.5) Polearms
 + Level 2.3 Throwing
 + Level 4.2 Dodging
 + Level 1.1 Stealth


You had 2 spell levels left.
You didn't know any spells.
Your spell library was empty.

Dungeon Overview and Level Annotations

Branches:
Dungeon (2/15)

Altars:

Annotations:
D:2 Sigmund


Innate Abilities, Weirdness & Mutations

((You are very nimble when in or above water. (Stealth+, EV+, Speed+++)))
Your lower body shifts to a powerful aquatic tail in water.


Message History

Sigmund is moderately wounded.
Sigmund completely misses you.
Reach: a) +0 trident
Press: ? - help, Dir - move target, f/p - Sigmund
Aim: Sigmund, wielding a +1 vampiric scythe and wearing a +0 robe (moderately wounded, about 43% to evade your +0 trident)
You reach to attack!
You closely miss Sigmund.
Sigmund is moderately wounded.
Sigmund misses you.
Reach: a) +0 trident
Press: ? - help, Dir - move target, f/p - Sigmund
Aim: Sigmund, wielding a +1 vampiric scythe and wearing a +0 robe (moderately wounded, about 43% to evade your +0 trident)
You reach to attack!
You closely miss Sigmund.
Sigmund is moderately wounded.
Sigmund casts a spell at you. The puff of flame misses you.
Reach: a) +0 trident
Press: ? - help, Dir - move target, f/p - Sigmund
Aim: Sigmund, wielding a +1 vampiric scythe and wearing a +0 robe (moderately wounded, about 43% to evade your +0 trident)
You reach to attack!
You hit Sigmund.
Sigmund is moderately wounded.
Sigmund casts a spell at you.
You are confused.
You bump into the rock wall.
Sigmund hits you from afar with a +1 vampiric scythe!
* * * LOW HITPOINT WARNING * * *
Sigmund draws strength from your wounds!
You're too confused to move!
You're too confused to move!
Sigmund casts a spell.
Sigmund flickers and vanishes!
Deactivating autopickup; reactivate with Ctrl-A.
It was a potion of curing.
You feel better. Something hits you but does no damage.
You aren't carrying any items that you can evoke.
Something hits you!
* * * LOW HITPOINT WARNING * * *
You see here a +0 club.
You hit something. You miss something. Something hits you!
You die...

.........#.##.#
#.#.....#.##.#######
####....#.............#
g.$........#.##.##.##.#
).!........#.##.##.##.#######
#.##.#.........#..†.........
#_......#.#.####.#.#.######
.....###....#{# #.#.#.# ...
#..###@# #.#.#.####### . #..#
#.# #.#.#........ ...## #.#
#.#.######### ....# #.# #.#.#
#.. ####.# #.# #[#.#######..
#.# #.# ......... ..#
...####.. ### #.. ###


There were no monsters in sight!

Vanquished Creatures
  A gnoll (D:1)
  A worm (D:2)
  5 ball pythons (D:1)
  4 endoplasms
  2 giant cockroaches
  2 goblins
  6 hobgoblins
  4 jackals
  A bat (D:1)
  2 frilled lizards (D:1)
  2 kobolds (D:1)
  A rat (D:1)
31 creatures vanquished.

Notes
Turn   | Place    | Note
-------+----------+-------------------------------------------
     0 | D:1      | Deminshera the Merfolk Gladiator began the quest for the
                  | Orb.
     0 | D:1      | Reached XP level 1. HP: 16/16 MP: 1/1
   171 | D:1      | Reached XP level 2. HP: 23/23 MP: 2/2
   836 | D:1      | Reached skill level 5 in Polearms
   836 | D:1      | Reached XP level 3. HP: 28/28 MP: 3/3
  1089 | D:1      | Reached skill level 1 in Stealth
  1273 | D:2      | Found a faded altar of an unknown god.
  1275 | D:2      | Noticed Sigmund
  1308 | D:2      | HP: 1/28 [Sigmund (12)]
  1314 | D:2      | Slain by Sigmund

Illustrated notes

Levels and vault maps discovered:
D:1:      sevenhm_arrival_forest_fort_small_4, layout_loops_cross
D:2:      layout_loops_ring, basic_ecumenical_altar, uniq_crazy_yiuf_cottage,
          uniq_sigmund

Skill      XL: |  1  2  3 |
---------------+----------+-----
Polearms       | 5 |  5.4
Stealth        | 1 |  1.1
Fighting       | |  2.6
Axes           | |  0.5
Throwing       | |  2.3
Dodging        | |  4.2

Action                   || total
-------------------------++-------
Melee: Trident           ||   105
  Use: Potion            ||     1
 Stab: Sleeping          ||     4
Armor: Leather armour    ||    16
Dodge: Dodged            ||    52

Table legend: (Time is in decaauts)
 A = Elapsed time spent in this place.
 B = Non-inter-level travel time spent in this place.
 C = Inter-level travel time spent in this place.
 D = Time resting spent in this place.
 E = Time spent auto-exploring this place.
 F = Levels seen in this place.
 G = Mean time per level.
                   A        B        C        D        E       F      G
               +--------+--------+--------+--------+--------+-----+--------+
         Total |   1309 |   1279 |     30 |    423 |    648 |   2 |  654.5 |
       Dungeon |   1309 |   1279 |     30 |    423 |    648 |   2 |  654.5 |
               +--------+--------+--------+--------+--------+-----+--------+

Top non-repeatable levels by time:
     D:1: 1200 daAuts
     D:2: 109 daAuts
